cohdb
Replays
Latest Replays
All Replays
Popular Replays
Top Player Replays
Match Explorer
How It Works
Community
CoH3 Stats
Reddit
Sign in to upload your games and track your stats! →
Sign in with Steam
Match 35832676
Unlisted
Match 35832676
Overview
Messages
Build Orders
End
Engineer Squad
Engineer Squad
Construct Weapon Support Center
Selects Armored Battlegroup
Selects Assault Engineers
M1919 Machine Gun Team
Construct Barracks
M1 Mortar Team
M1919 Machine Gun Team
Construct Medical Station
Air Support Center
Selects Strength in Steel
Assault Engineer Squad
P-47 Strafing Run
Construct Tank Depot
M1919 Machine Gun Team
Selects M8 Scott SPG
Selects UNKNOWN (2160077)
M8 Scott SPG
P-47 Strafing Run
M4A3E8 Sherman Easy Eight
M1919 Machine Gun Team
†TugaElite†
schurz
[-ODM-] Cegoz
MuniekPL
|-J5D-| MAREK POLSKA
Husar
0
0
Comments
sign in to comment!
No comments posted yet!